 Dungeon Crawl Stone Soup version 0.30-a0-557-ge2afbf3030 (webtiles) character file.

Game seed: 9016166596691023754

10631 greasedhog the Cleaver (level 11, 0/99 HPs)
             Began as a Grey Draconian Fighter on Dec 27, 2022.
             Was an Elder of Qazlal.
             Slain by a white ugly thing (15 damage)
             ... on level 11 of the Dungeon.
             The game lasted 00:12:21 (7603 turns).

greasedhog the Cleaver (Grey Draconian Fighter)     Turns: 7603, Time: 00:12:21

Health: 0/99       AC: 13    Str: 23    XL:     11   Next: 38%
Magic:  16/16      EV: 12    Int:  8    God:    Qazlal [****..]
Gold:   379        SH: 15    Dex: 11    Spells: 10/10 levels left

rFire   + . .      SeeInvis .    a - +0 war axe
rCold   + . .      Faith    .    o - +0 kite shield
rNeg    . . .      Spirit   .    (body armour unavailable)
rPois   .          Reflect  .    (helmet restricted)
rElec   .          Harm     .    (no cloak)
rCorr   .          Rampage  .    n - +0 pair of gloves
Will    .....                    (no boots)
Stlth   +                        d - amulet of regeneration
HPRegen 1.16/turn                e - ring of protection from cold
MPRegen 0.15/turn                t - ring of protection from fire

@: repel missiles
A: AC +12, amphibious, unfitting armour, cold-blooded
a: Renounce Religion, Upheaval, Elemental Force


You were on level 11 of the Dungeon.
You worshipped Qazlal.
Qazlal was greatly pleased with you.
You visited 2 branches of the dungeon, and saw 12 of its levels.

You collected 658 gold pieces.
You spent 279 gold pieces at shops.

Inventory:

Hand Weapons
 a - a +0 war axe (weapon)
Missiles
 h - a throwing net (quivered)
Armour
 n - a +0 pair of gloves (worn)
 o - a +0 kite shield (worn)
Jewellery
 d - an amulet of regeneration (around neck)
 e - a ring of protection from cold (left hand)
 t - a ring of protection from fire (right hand)
 w - an amulet of reflection
Wands
 x - a wand of iceblast (13)
 z - a wand of flame (7)
Scrolls
 b - 2 scrolls of blinking
 k - 6 scrolls of enchant weapon
 l - 4 scrolls of fog
 m - 2 scrolls of teleportation
 p - 2 scrolls of immolation
 v - a scroll of torment {unknown}
 y - 2 scrolls of fear
 C - a scroll of poison
 D - a scroll of summoning {unknown}
Potions
 c - 2 potions of brilliance
 f - a potion of cancellation
 g - a potion of flight
 i - 5 potions of curing
 j - 3 potions of lignification
 q - 4 potions of attraction
 r - 4 potions of heal wounds
 s - 2 potions of invisibility
 u - a potion of might
 A - 2 potions of degeneration {unknown}
 B - a potion of haste {unknown}


   Skills:
 - Level 10.1 Fighting
 * Level 11.2 Axes
 - Level 6.0 Dodging
 + Level 8.0 Shields
 * Level 7.3 Invocations


You had 10 spell levels left.
You didn't know any spells.
Your spell library contained the following spells:

 Spells                   Type           Power      Damage    Failure   Level
 Shock                    Conj/Air       0%         1d3       71%         1
 Cigotuvi's Dreadful Rot  Necr/Pois/Air  0%         N/A       85%         2
 Ensorcelled Hibernation  Hex/Ice        0%         N/A       85%         2
 Poisonous Vapours        Pois/Air       0%         N/A       85%         2
 Scorch                   Fire           0%         2d5       85%         2
 Hailstorm                Conj/Ice       0%         3d3       97%         3
 Portal Projectile        Hex/Tloc       0%         N/A       97%         3
 Swiftness                Air            0%         N/A       97%         3
 Tukima's Dance           Hex            0%         N/A       97%         3
 Airstrike                Air            0%         2d(0-16)  100%        4
 Dispel Undead            Necr           0%         3d6       100%        4
 Flame Wave               Conj/Fire      0%         2d4       100%        4
 Blade Hands              Tmut           0%         N/A       100%        5
 Yara's Violent Unravell  Hex/Tmut       0%         3d3       100%        5
 Death Channel            Necr           0%         N/A       100%        6
 Simulacrum               Ice/Necr       0%         N/A       100%        6
 Summon Cactus Giant      Summ           0%         N/A       100%        6
 Enfeeble                 Hex            0%         N/A       100%        7
 Ozocubu's Refrigeration  Ice            0%         4d7       100%        7


Dungeon Overview and Level Annotations

Branches:
Dungeon (11/15)            Temple (1/1) D:5            Lair (0/5) D:11
    Orc: D:9-12

Altars:
Ashenzari
Cheibriados
Dithmenos
Elyvilon
Fedhas
Gozag
Hepliaklqana
Kikubaaqudgha
Makhleb
Nemelex Xobeh
Okawaru
Qazlal
Ru
Sif Muna
Trog
Uskayaw
Vehumet
Wu Jian
Xom
Yredelemnul
Zin
The Shining One

Shops:
D:9 [?*(


Innate Abilities, Weirdness & Mutations

Your dull iron-grey scales are very hard. (AC +12)
You are amphibious.
You cannot fit into any form of body armour.
You are cold-blooded and may be slowed by cold attacks.


Message History

You slash the white ugly thing!
Your tail-slap misses the white ugly thing.
The white ugly thing is heavily wounded.
The white ugly thing kicks you but does no damage.
You hit the white ugly thing but do no damage.
Your tail-slap misses the white ugly thing.
The white ugly thing is heavily wounded.
The white ugly thing closely misses you.
You closely miss the white ugly thing.
You tail-slap the white ugly thing, but do no damage.
The white ugly thing is heavily wounded.
You block the white ugly thing's attack.
You closely miss the white ugly thing.
The white ugly thing is heavily wounded.
You block the white ugly thing's attack.
You slash the white ugly thing!
The white ugly thing is heavily wounded.
The white ugly thing kicks you! The white ugly thing freezes you! You resist.
You closely miss the white ugly thing.
The white ugly thing is heavily wounded.
The white ugly thing kicks you. The white ugly thing freezes you! You resist.
You barely miss the white ugly thing. You tail-slap the white ugly thing.
The white ugly thing is heavily wounded.
The white ugly thing kicks you. The white ugly thing freezes you! You resist.
You slash the white ugly thing!
The white ugly thing is severely wounded.
The white ugly thing kicks you! The white ugly thing freezes you! You resist.
The white ugly thing kicks you but does no damage.
You closely miss the white ugly thing.
The white ugly thing is severely wounded.
The white ugly thing kicks you.
* * * LOW HITPOINT WARNING * * *
The white ugly thing freezes you! You resist.
* * * LOW HITPOINT WARNING * * *
You closely miss the white ugly thing.
The white ugly thing is severely wounded.
The white ugly thing kicks you.
* * * LOW HITPOINT WARNING * * *
The white ugly thing freezes you! You resist.
You die...

### #.. ####...
#..... ..... ## ##
##§°# ..##
.#..##.##○u.# ...##
..........@.## ....#
.#..?.°.†.##....
......##°§......#
..... ##........#
.... #.........# $..
#.........## #.
............## #
....#.........###...
...................#


You could see a white ugly thing.

Vanquished Creatures
  3 two-headed ogres
  Maggie (D:6)
  Psyche (D:10)
  The ghost of Dordric the Trooper, a novice GrFi of Wu Jian (D:5)
  2 kobold demonologists (D:10)
  An unseen horror zombie (D:8)
  Sigmund (D:3)
  A shadow (D:9)
  9 yaks
  4 wyverns
  A wraith (D:11)
  A steam dragon (D:9)
  3 vampire mosquitoes (D:10)
  2 acid dragons
  3 water moccasins
  A hornet zombie (D:8)
  3 orc warriors
  A sky beast (D:6)
  4 black bears
  A centaur (D:6)
  A phantom (D:7)
  5 kobold brigands
  A necrophage (D:6)
  4 bullfrogs
  4 scorpions
  3 wights (D:8)
  19 killer bees
  8 howler monkeys
  A jelly (D:7)
  5 orc priests
  2 hounds (D:5)
  A gnoll bouda (D:7)
  3 orc wizards
  An iguana (D:4)
  6 killer bee zombies (D:8)
  4 gnolls (D:7)
  11 adders
  A white imp (D:5)
  2 ufetubi
  A worm (D:2)
  27 orcs
  7 bats
  9 endoplasms
  3 giant cockroaches
  12 goblins
  4 hobgoblins
  3 jackals (D:2)
  4 quokkas
  8 ball pythons
  19 kobolds
  6 rats
229 creatures vanquished.

Notes
Turn   | Place    | Note
-------+----------+-------------------------------------------
     0 | D:1      | greasedhog the Draconian Fighter began the quest for the
                  | Orb.
     0 | D:1      | Reached XP level 1. HP: 19/19 MP: 1/1
   347 | D:1      | Reached XP level 2. HP: 26/26 MP: 2/2
   857 | D:2      | You fall into a shaft and drop 2 floors!
   866 | D:4      | Reached XP level 3. HP: 33/33 MP: 3/3
   988 | D:4      | Reached XP level 4. HP: 40/40 MP: 4/4
  1009 | D:4      | Reached skill level 3 in Axes
  1103 | D:3      | Noticed Sigmund
  1116 | D:3      | Killed Sigmund
  1117 | D:3      | Reached skill level 5 in Fighting
  1117 | D:3      | Reached XP level 5. HP: 41/48 MP: 5/5
  1145 | D:3      | Reached skill level 4 in Axes
  1145 | D:3      | Reached XP level 6. HP: 56/56 MP: 6/6
  1573 | D:3      | Found a sacrificial altar of Ru.
  2382 | D:4      | Your scales start taking on a dull iron-grey colour.
  2382 | D:4      | Reached XP level 7. HP: 29/62 MP: 7/7
  2470 | D:5      | Entered Level 5 of the Dungeon
  2551 | D:5      | Found a runed translucent gate.
  2551 | D:5      | Noticed Dordric's ghost (novice GrFi)
  2552 | D:5      | Found a runed translucent gate.
  2553 | D:5      | Found a runed translucent gate.
  2559 | D:5      | Identified the +5 chain mail of Integrity {Int+4}
  2640 | D:5      | Found a staircase to the Ecumenical Temple.
  2681 | Temple   | Entered the Ecumenical Temple
  2834 | Temple   | Became a worshipper of Qazlal Stormbringer
  2885 | D:5      | Found a broken altar of Ashenzari.
  2973 | D:5      | Reached skill level 5 in Axes
  2989 | D:5      | Reached skill level 5 in Dodging
  3057 | D:5      | Got the Grimoire of Congelation and Impurities
  3381 | D:5      | Killed Dordric's ghost
  3382 | D:5      | Reached XP level 8. HP: 60/71 MP: 8/8
  3383 | D:5      | Reached * piety under Qazlal
  3476 | D:6      | Noticed Maggie
  3486 | D:6      | Killed Maggie
  3487 | D:6      | Reached skill level 6 in Axes
  3524 | D:6      | Found a blossoming altar of Fedhas.
  3525 | D:6      | Found an ornate altar of the Wu Jian Council.
  3526 | D:6      | Found a white marble altar of Elyvilon.
  3624 | D:6      | Found a sparkling altar of Nemelex Xobeh.
  4135 | D:6      | Reached XP level 9. HP: 77/81 MP: 9/9
  4136 | D:6      | Reached skill level 7 in Axes
  4136 | D:6      | Reached skill level 5 in Shields
  4272 | D:7      | Found a radiant altar of Vehumet.
  4653 | D:7      | Reached ** piety under Qazlal
  4724 | D:7      | Reached skill level 8 in Axes
  4920 | D:7      | Found a glowing silver altar of Zin.
  4920 | D:7      | Noticed an angel
  5505 | D:8      | Noticed a two-headed ogre
  5512 | D:8      | Killed a two-headed ogre
  5513 | D:8      | Reached skill level 10 in Fighting
  5513 | D:8      | Reached skill level 9 in Axes
  5513 | D:8      | Reached XP level 10. HP: 65/93 MP: 10/10
  5635 | D:8      | Reached skill level 1 in Invocations
  5920 | D:9      | Reached *** piety under Qazlal
  5931 | D:9      | Found Ilaekhlu's Gadget Gallery.
  5981 | D:9      | Found Xoufeist's Antique Weapon Shoppe.
  6168 | D:9      | Found Suntoesk's Magic Scroll Boutique.
  6229 | D:9      | Bought a scroll of identify for 26 gold pieces
  6229 | D:9      | Bought a scroll of fear for 52 gold pieces
  6229 | D:9      | Bought a scroll of poison for 52 gold pieces
  6229 | D:9      | Bought a scroll of identify for 26 gold pieces
  6229 | D:9      | Bought a scroll of identify for 26 gold pieces
  6229 | D:9      | Bought a scroll of blinking for 97 gold pieces
  6348 | D:9      | Noticed a two-headed ogre
  6360 | D:9      | Killed a two-headed ogre
  6361 | D:9      | Reached skill level 10 in Axes
  6392 | D:9      | Found Voejoliadgh's Armour Shop.
  6537 | D:10     | Entered Level 10 of the Dungeon
  6626 | D:10     | Reached skill level 5 in Invocations
  6718 | D:10     | Noticed Psyche
  6749 | D:10     | Killed Psyche
  6887 | D:10     | Reached XP level 11. HP: 75/99 MP: 15/15
  7008 | D:10     | Found a hazy altar of Hepliaklqana.
  7404 | D:10     | Noticed a soul eater
  7404 | D:10     | Reached **** piety under Qazlal
  7490 | D:11     | Reached skill level 11 in Axes
  7533 | D:11     | Found a staircase to the Lair.
  7559 | D:11     | Noticed a two-headed ogre
  7570 | D:11     | Killed a two-headed ogre
  7587 | D:11     | Noticed a white ugly thing
  7603 | D:11     | Slain by a white ugly thing

Illustrated notes

Levels and vault maps discovered:
D:1:      elethiomel_arrival_maze, layout_loops_ring
D:2:      layout_basic
D:3:      layout_basic, nicolae_ru_path_of_blood, uniq_sigmund
D:4:      layout_rooms
D:5:      layout_basic, kennysheep_mini, temple_green,
          biasface_ghost_orc_armoury, hellmonk_bongcloud_opening,
          interstate_on_off, lemuel_flamethrower_1
D:6:      layout_loops_corners, nicolae_overflow_quartered_altars, uniq_maggie
D:7:      layout_loops_corners, mainiacjoe_overflow_six_doors_small, zin_angel
D:8:      layout_basic, serial_undead, serial_undead_a, serial_undead_a,
          serial_undead_c, serial_undead_a
D:9:      layout_basic, serial_shops, nicolae_shop_trees, nicolae_shop_trees,
          shop, nicolae_shop_gadgets
D:10:     layout_basic, mainiacjoe_overflow_24_doors, uniq_psyche
D:11:     layout_cave_pools, david_lair_generic, david_orc_4, special_room
          [special_room_orc]
Temple:   hellmonk_temple_forest_ring

Skill      XL: |  1  2  3  4  5  6  7  8  9 10 11 |
---------------+----------------------------------+-----
Dodging        | 3 4 5 6 |  6.0
Fighting       | 4 5 6 8 10 | 10.1
Axes           | 3 4 5 6 9 10 11 | 11.2
Shields        | 4 6 7 8 |  8.0
Invocations    | 5 7 |  7.3

Action                   |  1- 3 |  4- 6 |  7- 9 | 10-12 || total
-------------------------+-------+-------+-------+-------++-------
Melee: War axe           |    99 |   128 |   392 |   329 ||   948
       Tailslap          |     9 |    18 |    48 |    46 ||   121
Evoke: Wand              |       |       |     4 |    10 ||    14
  Use: Scroll            |     1 |     4 |     4 |     7 ||    16
       Potion            |       |     1 |     1 |       ||     2
 Stab: Sleeping          |       |     1 |     1 |       ||     2
Armor: Skin              |    36 |    48 |   182 |   117 ||   383
Dodge: Dodged            |    69 |    63 |   256 |   137 ||   525
Block: Buckler           |    21 |     6 |       |       ||    27
       Kite shield       |       |    43 |   268 |   251 ||   562

Table legend: (Time is in decaauts)
 A = Elapsed time spent in this place.
 B = Non-inter-level travel time spent in this place.
 C = Inter-level travel time spent in this place.
 D = Time resting spent in this place.
 E = Time spent auto-exploring this place.
 F = Levels seen in this place.
 G = Mean time per level.
                   A        B        C        D        E       F      G
               +--------+--------+--------+--------+--------+-----+--------+
         Total |   7854 |   7415 |    439 |     75 |   5404 |  12 |  654.5 |
       Dungeon |   7683 |   7285 |    398 |     75 |   5284 |  11 |  698.5 |
        Temple |    171 |    130 |     41 |      0 |    120 |   1 |  171.0 |
               +--------+--------+--------+--------+--------+-----+--------+

Top non-repeatable levels by time:
     D:7: 1044 daAuts
    D:10: 920 daAuts
     D:5: 861 daAuts
     D:6: 790 daAuts
     D:1: 758 daAuts
     D:8: 685 daAuts
     D:9: 650 daAuts
     D:3: 642 daAuts
     D:4: 596 daAuts
     D:2: 569 daAuts
  Temple: 171 daAuts
    D:11: 164 daAuts
